 Dungeon Crawl Stone Soup version 0.20.0-10-g0535bb4 (webtiles) character file.

726498 grindst0ne the Hoplite (level 27, 0/134 HPs)
             Began as a Gargoyle Fighter on June 3, 2017.
             Was the Champion of Okawaru.
             Splashed by an acid blob's acid (4 damage)
             ... created by the Royal Jelly
             ... on level 4 of the Pits of Slime on June 4, 2017.
             The game lasted 05:19:07 (62162 turns).

grindst0ne the Hoplite (Gargoyle Fighter)          Turns: 62162, Time: 05:19:08

Health: 0/134      AC: 45    Str: 26    XL:     27
Magic:  43/43      EV: 29    Int:  8    God:    Okawaru [******]
Gold:   5883       SH: 34    Dex: 18    Spells: 26/26 levels left

rFire    + + +     SeeInvis +   J - +9 demon blade (chaos)
rCold    + . .     Gourm    .   w - +5 large shield of the Morning {rElec Regen+ Stlth+}
rNeg     + + .     Faith    .   V - +10 pearl dragon scales
rPois    ∞         Spirit   .   d - +0 mask of the Dragon {MR+ Slay+3 SInv}
rElec    +         Reflect  +   a - +2 cloak {+Inv}
rCorr    +         Harm     .   v - +3 pair of gloves of Words of Power {rF+ MR+ Regen+ rCorr}
MR       ++++.                  K - +0 pair of boots of Pumnu {Regen+ Str+3}
Stlth    ++........             s - amulet "Beonowne" {Reflect rF+ rC+ SH+2 SInv}
Regen    0.0/turn               i - ring of Bokeum {rPois EV+3 Str-4 Int-3 Slay+6}
MPRegen  0.3/turn               y - ring "Nooleirott" {rF+ MP+9 Str+5 Stlth+}

@: corroded, flying, very slightly contaminated, hasted, invisible, very quick
A: big wings, iridescent scales 1, blurry vision 1, frail 2, low mp 1, mutation
resistance 1, negative energy resistance 1, shaggy fur 1, electricity
resistance, inhibited regeneration, unbreathing, petrification resistance, rot
immunity, MP-powered wands, AC +20
}: 4/15 runes: serpentine, barnacled, silver, abyssal
a: Stop Flying, Heroism, Finesse, Renounce Religion


You were on level 4 of the Pits of Slime.
You worshipped Okawaru.
Okawaru was exalted by your worship.
You were hungry.

You visited 11 branches of the dungeon, and saw 55 of its levels.
You visited the Abyss 1 time.
You visited 1 ziggurat, and saw 16 of its levels.
You also visited: Labyrinth, Bailey, Ice Cave and Wizlab.

You collected 7922 gold pieces.
You spent 2039 gold pieces at shops.

Inventory:

Hand Weapons
 J - a +9 demon blade of chaos (weapon)
Armour
 a - a +2 cloak of invisibility (worn)
 d - the +0 mask of the Dragon (worn) {MR+ Slay+3 SInv}
   (You found it on level 11 of a ziggurat)

   It affects your accuracy and damage with ranged weapons and melee attacks
   (+3).
   It affects your resistance to hostile enchantments.
   It lets you see invisible.
 v - the +3 pair of gloves of Words of Power (worn) {rF+ MR+ Regen+ rCorr}
   (You found it in an ice cave)

   It protects you from fire.
   It affects your resistance to hostile enchantments.
   It increases your rate of regeneration.
   It protects you from acid and corrosion.
 w - the +5 large shield of the Morning (worn) {rElec Regen+ Stlth+}
   (Okawaru gifted it to you on level 15 of the Dungeon)

   It insulates you from electricity.
   It increases your rate of regeneration.
   It makes you more stealthy.
 K - the +0 pair of boots of Pumnu (worn) {Regen+ Str+3}
   (You found it on level 1 of the Depths)

   It affects your strength (+3).
   It increases your rate of regeneration.
 V - +10 pearl dragon scales (worn)
Jewellery
 i - the ring of Bokeum (left hand) {rPois EV+3 Str-4 Int-3 Slay+6}
   (You took it off an ironheart preserver on level 5 of the Vaults)

   [ring of evasion]

   It affects your evasion (+3).
   It affects your strength (-4).
   It affects your intelligence (-3).
   It affects your accuracy and damage with ranged weapons and melee attacks
   (+6).
   It protects you from poison.
 q - the ring of Phasing {EV+8}
   (You found it on level 4 of a ziggurat)

   [ring of evasion]

   It affects your evasion (+8).
 s - the amulet "Beonowne" (around neck) {Reflect rF+ rC+ SH+2 SInv}
   (You found it on level 4 of the Shoals)

   [amulet of reflection]

   It shields you and reflects attacks.
   It protects you from fire.
   It protects you from cold.
   It lets you see invisible.
   It affects your SH (+2).
 y - the ring "Nooleirott" (right hand) {rF+ MP+9 Str+5 Stlth+}
   (You found it on level 5 of the Dungeon)

   [ring of magical power]

   It affects your strength (+5).
   It protects you from fire.
   It affects your magic capacity (+9).
   It makes you more stealthy.
 D - an uncursed ring of protection from cold
 Z - an uncursed ring of protection from magic
Wands
 b - a wand of iceblast (0/15)
 c - a wand of scattershot (4/9)
 e - a wand of enslavement (11/24)
 o - a wand of disintegration (13/24)
 T - a wand of digging (10/24)
Scrolls
 g - 26 scrolls of teleportation
 k - 6 scrolls of fear
 l - 11 scrolls of identify
 n - a scroll of holy word
 p - 21 scrolls of remove curse
 x - 2 scrolls of summoning
 B - 2 scrolls of enchant weapon
 F - 7 scrolls of fog
 H - 5 scrolls of silence
 I - 7 scrolls of magic mapping
 L - 7 scrolls of blinking
 N - 4 scrolls of enchant armour
 W - 6 scrolls of recharging
 X - 2 scrolls of brand weapon
Potions
 h - 5 potions of haste
 j - 3 potions of invisibility
 t - 8 potions of mutation
 E - 3 potions of berserk rage
 O - 5 potions of might
 P - 8 potions of lignification
 Q - 3 potions of cancellation
 Y - 3 potions of agility
Miscellaneous
 r - 3 phantom mirrors
 G - a phial of floods
 M - a lightning rod (1/4)
 S - a lamp of fire
Comestibles
 f - 23 bread rations
 m - 47 fruits
 u - 30 meat rations
 z - 19 royal jellies


   Skills:
 + Level 16.0 Fighting
 - Level 20.8 Long Blades
   Level 1.7 Axes
 - Level 23.0 Armour
 - Level 20.6 Dodging
 - Level 25.4 Shields
 - Level 21.9 Invocations
 - Level 8.7 Evocations


You had 26 spell levels left.
You didn't know any spells.

Dungeon Overview and Level Annotations

Branches:
Dungeon (15/15)            Temple (1/1) D:6            Lair (6/6) D:9
 Shoals (4/4) Lair:4        Snake (4/4) Lair:3        Slime (5/5) Lair:6
    Orc (2/2) D:12            Elf (3/3) Orc:2        Vaults (5/5) D:14
  Crypt (0/3) Vaults:3     Depths (5/5) D:15            Zot (5/5) Depths:5

Altars:
Ashenzari
Cheibriados
Dithmenos
Elyvilon
Fedhas
Gozag
Hepliaklqana
Kikubaaqudgha
Makhleb
Nemelex Xobeh
Okawaru
Qazlal
Ru
Sif Muna
Trog
Uskayaw
Vehumet
Xom
Yredelemnul
Zin
The Shining One
Jiyva
Lugonu

Shops:
D:14 ([:?   Orc:2 [*(=   Elf:1 (   Elf:2 ?   Snake:1 }   Vaults:4 !

Portals:
Hell: Depths:1 Depths:2 Depths:3 Depths:4 Depths:5
Abyss: Depths:1 Depths:2 Depths:4
Pandemonium: Depths:1 Depths:3

Annotations:
D:2 exclusion: downstairs
D:11 exclusion: downstairs
Lair:6 exclusion: 3 oklob plants
Slime:5 Royal Jelly


Innate Abilities, Weirdness & Mutations

You are resistant to torment.
Your stone body is resilient. (AC +20)
You are immune to poison.
Your large and strong wings let you fly indefinitely.
You resist negative energy. (rN+)
You are resistant to electric shocks. (rElec)
You can survive without breathing.
You are immune to petrification.
You are immune to rotting.
You are partially covered in iridescent scales. (AC +2)
Scrolls take you a little longer to read.
You are very frail. (-20% HP)
Your magical capacity is low. (-10% MP)
You are somewhat resistant to further mutation.
You are covered in fur. (AC +1)
You do not regenerate when monsters are visible.
You expend magic power (3 MP) to strengthen your wands.


Message History

You block the acid blob's attack. The acid blob spits acid at you.
The splash of acid hits you! You resist.
* * * LOW HITPOINT WARNING * * *
You are splashed with acid!
The acid burns!
You resist.
* * * LOW HITPOINT WARNING * * *
Okay, then.
Really read with blurry vision while enemies are nearby? [Y]es or [N]o only, please.
Really read with blurry vision while enemies are nearby?
Okay, then.
Okay, then.
You block the acid blob's attack. You block the azure jelly's attack.
The azure jelly misses you.
You block the azure jelly's attack. x2; The death ooze completely misses you.
The death ooze misses you. The acid blob spits acid at you.
The splash of acid hits you!
You are splashed with acid!
The acid burns!
You resist.
You die...

##.......#####......##......
#.......####.##......##.....
##.#.....#....#.....####....
####.................#..... ###
##........#............. ##
##.####....#....#.#.....##....
#.##...#......J.............##...
.. ...#......JJ..................
#.##.#...#...JJ.@...........##...
.^...##......JJ..............#...
#................................
.......................<.....#...
.........#....>..................
#.#.................<............
###...............#..............
##............##...............
##............................


You could see 4 acid blobs, 2 azure jellies and a death ooze.

Vanquished Creatures
  3 orbs of fire (Zot:5)
  10 ancient liches
  5 juggernauts
  Frederick (Vaults:4)
  3 Killer Klowns
  Saint Roka (Depths:2)
  10 golden dragons
  A curse toe (Zot:4)
  4 caustic shrikes
  Nikola (Vaults:2)
  Jory (Depths:3)
  2 pearl dragons (Zig:7)
  2 bone dragons
  3 electric golems
  Jorgrun (Depths:2)
  A pandemonium lord (Zig:6)
  A Brimstone Fiend (Zig:6)
  2 liches (Vaults:4)
  2 Hell Sentinels
  24 Orb Guardians (Zot:5)
  20 tentacled monstrosities
  7 titans
  27 acid blobs
  5 quicksilver dragons
  Polyphemus (Shoals:2)
  2 deep elf blademasters
  5 death cobs
  9 sphinxes
  Agnes (D:15)
  3 tentacled starspawn
  2 ancient champions (Zig:5)
  4 shadow dragons
  A kraken (Shoals:2)
  A sphinx (shapeshifter) (Zot:2)
  12 storm dragons
  Roxanne (D:15)
  An eldritch tentacle (Abyss:5)
  9 draconian monks
  17 azure jellies
  5 tengu reavers
  2 daevas (Zig:7)
  Kirke (Shoals:4)
  Ilsuiw (Shoals:3)
  An azure jelly (shapeshifter) (Zot:1)
  10 fire giants
  13 nagarajas
  A frost giant (shapeshifter) (Zot:5)
  9 frost giants
  A fire giant (shapeshifter) (Vaults:4)
  Aizul (Snake:3)
  3 draconian scorchers
  4 draconian knights
  9 vault wardens
  6 deep elf sorcerers (Elf:3)
  2 balrugs (Zig:14)
  5 orc warlords
  Louise (Depths:2)
  An angel (Zig:7)
  A caustic shrike zombie (Zig:14)
  4 deep elf elementalists (Elf:3)
  8 draconian shifters
  5 ghost moths
  A curse skull (Zig:2)
  3 draconian stormcallers
  14 ironheart preservers
  A draconian annihilator (Zot:2)
  4 war gargoyles
  3 vampire knights
  A caustic shrike skeleton (Zig:14)
  5 reapers
  17 very ugly things
  19 stone giants
  An apis (Zig:7)
  10 black draconians
  12 green draconians
  An entropy weaver (Vaults:2)
  9 deep elf annihilators
  6 deep elf demonologists
  24 purple draconians
  A dire elephant (shapeshifter) (WizLab)
  4 spark wasps
  A dire elephant (Zig:1)
  9 white draconians
  8 red draconians
  11 yellow draconians
  2 minotaurs
  9 statues (WizLab)
  14 ettins
  6 deep elf death magi
  14 yaktaur captains
  A blizzard demon (Depths:1)
  12 death oozes
  Snorg (Lair:6)
  6 merfolk javelineers
  6 merfolk impalers
  Josephine (Orc:2)
  5 deep elf high priests
  11 ice dragons
  3 rakshasas
  12 fire dragons
  6 hydras
  A hydra (shapeshifter) (Depths:4)
  Harold (D:11)
  13 great orbs of eyes
  31 vault guards
  2 ice dragons (shapeshifter)
  4 catoblepae
  17 naga warriors
  4 spriggan air magi
  10 centaur warriors
  13 ogre magi
  An anaconda (shapeshifter) (Depths:5)
  An alligator (Lair:6)
  5 merfolk avatars
  9 anacondas
  3 death knights
  3 alligator snapping turtles (Shoals:4)
  31 two-headed ogres
  Erica (D:14)
  A death scarab (Zig:13)
  31 dancing weapons
  6 merfolk aquamancers
  10 deep troll shamans
  A death yak (shapeshifter) (WizLab)
  10 deep troll earth magi
  4 tengu warriors
  2 hell hogs (Zig:14)
  2 death yaks
  23 naga sharpshooters
  4 vampire magi
  2 satyrs
  4 spriggan berserkers
  2 titan zombies
  9 shock serpents
  8 thrashing horrors
  6 orc high priests
  A shock serpent (shapeshifter) (Depths:5)
  A soul eater (Zig:5)
  A storm dragon zombie (Zig:14)
  7 hell knights
  Sonja (Lair:4)
  24 deep elf knights
  A sun demon (Depths:4)
  5 skeletal warriors
  4 salamander mystics
  4 iron trolls
  91 slime creatures
  Nergalle (D:12)
  28 sea snakes
  12 large abominations
  2 cherubim (Zig:7)
  7 unseen horrors
  A shadow demon (Zig:10)
  5 flayed ghosts
  12 wizards
  12 deep elf archers
  39 deep trolls
  2 swamp dragons (Zig:3)
  18 ironbrand convokers
  An orange crystal statue (Depths:4)
  12 naga ritualists
  5 glowing orange brains
  Pikel (D:5)
  6 phantasmal warriors
  5 harpies (Shoals:4)
  17 orc knights
  A lindwurm (shapeshifter) (Vaults:5)
  3 tengu zombies
  A lindwurm (Lair:6)
  11 shining eyes
  4 necromancers
  5 wolf spiders
  76 deep elf magi
  8 orc sorcerers
  15 manticores
  14 salamanders
  14 fauns
  25 moths of wrath
  43 ugly things
  3 elephants (Lair:5)
  12 mana vipers
  4 oklob plants
  13 merfolk sirens
  A spriggan zombie (Zig:14)
  6 cyclopes
  12 vault sentinels
  3 frost giant skeletons
  4 guardian serpents
  2 ice statues (IceCv)
  A guardian serpent (shapeshifter) (Depths:4)
  2 rust devils
  An elephant (shapeshifter) (Vaults:5)
  2 molten gargoyles (Lair:6)
  5 eyes of devastation
  20 naga magi
  6 water nymphs
  41 black mambas
  An orange demon (Zig:6)
  A storm dragon simulacrum (Vaults:3)
  10 centaur skeletons
  5 gargoyles
  12 spiny frogs
  A komodo dragon (shapeshifter) (Depths:2)
  29 yaktaurs
  A yaktaur (shapeshifter) (D:13)
  2 efreet
  3 rime drakes
  7 hellions
  2 red devils
  6 komodo dragons
  5 freezing wraiths
  7 ice devils (IceCv)
  2 tormentors
  3 hellwings
  2 silent spectres (Zig:10)
  6 tengu conjurers
  12 trolls
  2 queen bees (shapeshifter)
  A meliai (shapeshifter) (Vaults:2)
  2 hornets
  8 wind drakes
  A troll (shapeshifter) (Snake:2)
  3 human skeletons
  A polar bear (shapeshifter) (Depths:3)
  42 merfolk
  A tyrant leech (Depths:2)
  A wolf spider simulacrum (Vaults:1)
  18 blink frogs
  9 raiju
  14 dream sheep
  7 snapping turtles
  7 hippogriffs
  A hornet (shapeshifter) (Depths:3)
  A dream sheep (shapeshifter) (Vaults:4)
  2 flying skulls
  3 shadows
  3 air elementals
  A redback (shapeshifter) (Elf:1)
  3 spriggans
  2 tarantellas (shapeshifter)
  A redback (Vaults:1)
  A fire elemental (Lair:6)
  5 wyverns
  12 wraiths
  A spriggan (shapeshifter) (Depths:4)
  10 water elementals
  15 yaks
  A tarantella (Vaults:1)
  A vampire (D:13)
  5 hogs (Shoals:4)
  A hog (shapeshifter) (Vaults:1)
  6 golden eyes
  A golden eye (shapeshifter) (Depths:2)
  2 chaos spawn
  4 basilisks
  2 fire bats (Lair:6)
  2 neqoxecs (Depths:1)
  4 hungry ghosts
  2 steam dragons
  The ghost of grindst0ne the Skirmisher, an amateur GrFi (D:3)
  10 wargs
  Menkaure (D:5)
  A swamp worm (shapeshifter) (Zig:8)
  63 nagas
  A swamp worm (Vaults:1)
  9 water moccasins
  3 acid dragons
  5 hell hounds (Lair:6)
  A water moccasin (shapeshifter) (Vaults:1)
  A two-headed ogre zombie (D:12)
  Duvessa (D:5)
  A floating eye (Zig:9)
  A swamp drake (Zig:3)
  A floating eye (shapeshifter) (Vaults:4)
  5 porcupines
  2 ice beasts
  52 orc warriors
  3 phantoms
  2 necrophages (Zig:10)
  An eye of draining (shapeshifter) (Lair:5)
  18 starcursed masses
  4 boggarts
  2 sky beasts
  6 eyes of draining
  38 ogres
  3 elf skeletons
  14 crocodiles
  19 centaurs
  A human zombie (Vaults:3)
  2 big kobolds
  19 bullfrogs
  4 elf zombies (Elf:1)
  A small abomination (Abyss:5)
  An earth elemental (Elf:2)
  A scorpion (shapeshifter) (Vaults:1)
  A wyvern skeleton (D:11)
  5 scorpions
  Dowan (D:5)
  2 troll zombies (D:12)
  12 wights
  A human simulacrum (Vaults:4)
  A spriggan skeleton (Lab)
  5 killer bees (D:11)
  An orc simulacrum (Vaults:2)
  4 howler monkeys
  5 crimson imps
  3 centaur zombies
  3 bullfrog zombies
  A quasit (D:13)
  5 jellies
  5 lava snakes (Lair:6)
  3 hounds
  13 orc priests
  2 bullfrog skeletons (D:9)
  27 orc wizards
  An iron imp (Zig:4)
  An iguana (D:7)
  7 worker ants
  A lightning spire (Zig:14)
  5 ogre zombies (D:12)
  A hound skeleton (D:2)
  A worker ant zombie (D:5)
  A howler monkey zombie (D:7)
  2 gnolls (Bailey)
  11 adders
  7 shadow imps
  9 white imps (IceCv)
  7 ufetubi (IceCv)
  2 adder zombies
  A worm (D:5)
  4 dart slugs
  3 leopard geckos
  80 orcs
  5 bats
  5 giant cockroaches
  13 goblins
  9 hobgoblins
  3 jackals (D:1)
  25 kobolds
  4 quokkas
  5 frilled lizards
  6 goblin zombies (D:12)
  A hobgoblin skeleton (D:12)
  A hobgoblin zombie (D:12)
  A leopard gecko zombie (D:5)
  2 orc skeletons (D:12)
  15 orc zombies (D:12)
  2 quokka zombies
  7 rats
  A crawling corpse (Depths:4)
  A fire vortex (Depths:2)
  A fungus (Lair:6)
  3 plants
  A starspawn tentacle (Depths:2)
  A tentacle (Shoals:2)
2513 creatures vanquished.

Vanquished Creatures (collateral kills)
  A deep elf blademaster (Elf:3)
  A deep elf master archer (Elf:3)
  A deep elf sorcerer (Elf:3)
  A two-headed ogre (D:12)
  A small abomination (Elf:3)
  A yak (Lair:5)
  An orc priest (Orc:2)
  An orc (Orc:2)
  A crawling corpse (Elf:3)
9 creatures vanquished.

Vanquished Creatures (others)
  Vashnia (Snake:3)
  A deep elf master archer (Elf:3)
  A tentacled monstrosity (Vaults:5)
  2 eldritch tentacles (Abyss:5)
  A storm dragon (Zot:4)
  A war gargoyle (Vaults:4)
  A very ugly thing (Depths:5)
  5 stone giants
  2 ironheart preservers
  A vampire knight (Depths:5)
  A white draconian (Zot:4)
  4 merfolk javelineers (Shoals:4)
  A deep elf death mage (Elf:3)
  6 yaktaur captains
  2 centaur warriors
  A deep troll shaman (Depths:1)
  A hell hog (Zig:14)
  An ogre mage (Depths:3)
  A tengu warrior (Depths:2)
  4 naga sharpshooters
  A titan skeleton (Zig:14)
  A spriggan druid (Zig:3)
  4 deep elf archers
  A harpy (Shoals:4)
  A manticore (D:12)
  3 deep elf magi
  3 cyclopes
  4 fauns
  A merfolk siren (Shoals:3)
  A guardian serpent (Zig:11)
  5 naga magi
  5 yaktaurs
  2 efreet (Zot:2)
  A merfolk (Shoals:4)
  A slime creature (Vaults:1)
  A dream sheep (Lair:6)
  A human (Shoals:4)
  2 wraiths (Zig:14)
  A golden eye (Slime:4)
  2 slaves (D:5)
  2 orc warriors
  An ogre (D:5)
  7 centaurs
  A scorpion (D:5)
  A worker ant zombie (D:5)
  An adder (D:10)
  4 white imps (IceCv)
  An ufetubus (IceCv)
  An adder skeleton (D:5)
  4 orcs
  A quokka (D:5)
  2 kobolds (Bailey)
  4 crawling corpses
  9 fungi
  2 lurking horrors
  27 plants
  9 starspawn tentacles
  3 tentacles (Shoals:2)
159 creatures vanquished.

Grand Total: 2681 creatures vanquished

Notes
Turn   | Place    | Note
-------+----------+-------------------------------------------
     0 | D:1      | grindst0ne the Gargoyle Fighter began the quest for the Orb.
     0 | D:1      | Reached XP level 1. HP: 14/14 MP: 1/1
   160 | D:1      | Reached XP level 2. HP: 20/20 MP: 2/2
   184 | D:1      | Found a shattered altar of Ashenzari.
  1115 | D:2      | Reached XP level 3. HP: 14/24 MP: 3/3
  1239 | D:2      | Reached skill level 5 in Fighting
  1624 | D:3      | Noticed grindst0ne's ghost (amateur GrFi)
  1638 | D:2      | Reached XP level 4. HP: 26/31 MP: 4/4
  2773 | D:3      | Killed grindst0ne's ghost
  2773 | D:3      | Reached skill level 5 in Armour
  2773 | D:3      | Reached XP level 5. HP: 17/35 MP: 5/5
  3295 | D:4      | Reached XP level 6. HP: 37/40 MP: 6/6
  3589 | D:5      | Entered Level 5 of the Dungeon
  3633 | D:5      | Got a scorched jade ring
  3635 | D:5      | Noticed Menkaure
  3669 | D:5      | Killed Menkaure
  3901 | D:5      | Identified the ring "Nooleirott" {rF+ MP+9 Str+5 Stlth+} (You found it on level 5 of the Dungeon)
  3960 | D:5      | Noticed a slave
  3960 | D:5      | Noticed a slave
  3960 | D:5      | Noticed a slave
  3960 | D:5      | Noticed a slave
  3961 | D:5      | Noticed Pikel
  3976 | D:5      | Noticed an ice beast
  3991 | D:5      | Killed Pikel
  3991 | D:5      | Reached XP level 7. HP: 27/44 MP: 7/7
  3991 | D:5      | Reached XP level 8. HP: 30/49 MP: 8/8
  4152 | D:5      | Noticed Duvessa
  4153 | D:5      | Noticed Dowan
  4169 | D:5      | Killed Dowan
  4177 | D:5      | Killed Duvessa
  4177 | D:5      | Reached skill level 10 in Armour
  4929 | D:6      | Found a staircase to the Ecumenical Temple.
  4960 | Temple   | Entered the Ecumenical Temple
  5056 | Temple   | Became a worshipper of Warmaster Okawaru
  5306 | D:7      | Noticed an unseen horror
  5339 | D:7      | Killed an unseen horror
  5339 | D:7      | Reached * piety under Okawaru
  5339 | D:7      | Reached XP level 9. HP: 25/60 MP: 9/9
  5411 | D:7      | Found a flagged portal.
  5420 | Bailey   | Entered a bailey
  5582 | Bailey   | Noticed an orc knight
  5907 | Bailey   | Killed an orc knight
  5907 | Bailey   | Reached ** piety under Okawaru
  5907 | Bailey   | Reached skill level 10 in Fighting
  6485 | D:7      | Reached skill level 4 in Shields
  6864 | D:7      | Reached skill level 5 in Shields
  6947 | D:7      | Reached *** piety under Okawaru
  7029 | D:7      | Reached XP level 10. HP: 66/68 MP: 10/10
  7164 | D:7      | Reached skill level 6 in Shields
  7458 | D:8      | Reached skill level 7 in Shields
  7466 | D:8      | Reached skill level 1 in Long Blades
  7854 | D:9      | Reached **** piety under Okawaru
  7880 | D:9      | Found an opulent altar of Gozag.
  7882 | D:9      | Found a hide-covered altar of Uskayaw.
  7886 | D:9      | Found a sacrificial altar of Ru.
  7887 | D:9      | Found a stormy altar of Qazlal.
  7890 | D:9      | Found a blossoming altar of Fedhas.
  7982 | D:9      | Reached skill level 8 in Shields
  8070 | D:9      | Noticed a two-headed ogre
  8081 | D:9      | Killed a two-headed ogre
  8133 | D:9      | Found a sacrificial altar of Ru.
  8617 | D:9      | Found a staircase to the Lair.
  8853 | D:10     | Entered Level 10 of the Dungeon
  8855 | D:10     | Reached skill level 9 in Shields
  9030 | D:10     | Noticed a gargoyle
  9035 | D:10     | Killed a gargoyle
  9035 | D:10     | Reached skill level 5 in Long Blades
  9059 | D:10     | You fall through a shaft for 2 floors!
  9059 | D:12     | Noticed a gargoyle
  9065 | D:12     | Killed a gargoyle
  9065 | D:12     | Reached ***** piety under Okawaru
  9065 | D:12     | Reached XP level 11. HP: 73/73 MP: 11/11
  9069 | D:12     | Noticed a two-headed ogre
  9074 | D:12     | Killed a two-headed ogre
  9118 | D:12     | Gained mutation: You are covered in fur. (AC +1) [potion of mutation]
  9118 | D:12     | Gained mutation: You are frail. (-10% HP) [potion of mutation]
  9118 | D:12     | Gained mutation: Your body sometimes deteriorates upon taking damage. [potion of mutation]
  9118 | D:12     | Gained mutation: You are partially covered in iridescent scales. (AC +2) [potion of mutation]
  9155 | D:12     | Noticed a two-headed ogre
  9157 | D:12     | Noticed a death knight
  9158 | D:12     | Noticed a phantasmal warrior
  9160 | D:12     | Killed a two-headed ogre
  9160 | D:12     | Received a gift from Okawaru
  9160 | D:12     | Reached skill level 10 in Shields
  9180 | D:12     | Killed a death knight
  9188 | D:12     | Killed a phantasmal warrior
  9519 | D:12     | Noticed a two-headed ogre
  9537 | D:12     | Killed a two-headed ogre
  9557 | D:12     | Reached skill level 11 in Shields
  9765 | D:12     | Found a staircase to the Orcish Mines.
 10001 | D:10     | Noticed an unseen horror
 10012 | D:10     | Killed an unseen horror
 10073 | D:10     | Got a coiled iron amulet
 10489 | D:11     | Reached XP level 12. HP: 71/71 MP: 12/12
 10492 | D:11     | Noticed Harold
 10501 | D:11     | Killed Harold
 10501 | D:11     | Reached skill level 12 in Shields
 11152 | D:12     | Found a blossoming altar of Fedhas.
 11242 | D:12     | Received a gift from Okawaru
 11256 | D:12     | Identified the amulet "Idinn" {Gourm rPois Dex+2} (You found it on level 10 of the Dungeon)
 11262 | D:12     | Got a warped dagger {god gift}
 11263 | D:12     | Identified the +11 dagger of the Common Good {protect, *Drain MR++ SInv} (Okawaru gifted it to you on level 12 of the Dungeon)
 11435 | D:12     | Noticed Nergalle
 11448 | D:12     | Killed Nergalle
 11531 | D:12     | Noticed a seven-headed hydra
 11819 | Lair:1   | Entered Level 1 of the Lair of Beasts
 12150 | Lair:1   | Reached skill level 13 in Shields
 12703 | Lair:1   | Noticed a death yak
 12712 | Lair:1   | Killed a death yak
 12712 | Lair:1   | Received a gift from Okawaru
 12712 | Lair:1   | Reached skill level 10 in Long Blades
 13171 | Lair:2   | Got a brightly glowing great sword
 13177 | Lair:2   | Identified the +1 great sword of Resourcefulness {slice, -Tele rF+++ Int+5} (You found it on level 2 of the Lair of Beasts)
 13469 | Lair:3   | Reached ****** piety under Okawaru
 13504 | Lair:3   | Found a staircase to the Snake Pit.
 13564 | Lair:3   | Reached XP level 13. HP: 74/74 MP: 13/13
 13666 | Lair:3   | Reached skill level 14 in Shields
 14488 | Lair:4   | Reached skill level 1 in Evocations
 14546 | Lair:4   | Found a staircase to the Shoals.
 14922 | Lair:4   | Noticed Sonja
 15072 | Lair:4   | Killed Sonja
 15313 | Lair:5   | Lost mutation: Your body sometimes deteriorates upon taking damage. [potion of mutation]
 15313 | Lair:5   | Lost mutation: You are frail. (-10% HP) [potion of mutation]
 15313 | Lair:5   | Gained mutation: You possess an exceptional clarity of mind. [potion of mutation]
 15667 | Lair:5   | Found a frozen archway.
 15702 | IceCv    | Entered an ice cave
 16524 | IceCv    | Noticed a reaper
 16536 | IceCv    | Killed a reaper
 16536 | IceCv    | Received a gift from Okawaru
 16591 | IceCv    | Got a pair of ichor-stained gloves
 16597 | IceCv    | Identified the +3 pair of gloves of Words of Power {rF+ MR+ Regen+ rCorr} (You found it in an ice cave)
 17218 | Lair:6   | Entered Level 6 of the Lair of Beasts
 17303 | Lair:6   | Reached skill level 5 in Evocations
 17313 | Lair:6   | Found a staircase to the Slime Pits.
 17313 | Lair:6   | Found a viscous altar of Jiyva.
 17394 | Lair:6   | Found a labyrinth entrance.
 17404 | Lab      | Entered a labyrinth
 17674 | Lab      | Noticed a minotaur
 17693 | Lab      | Killed a minotaur
 17696 | Lab      | Identified the cursed +1 ring mail "Hin Tuqo" {rC- rCorr Int+5} (You took it off a minotaur in a labyrinth)
 17753 | Lair:6   | Noticed Snorg
 17777 | Lair:6   | Killed Snorg
 18083 | Lair:6   | Gained mutation: Your large and strong wings let you fly indefinitely. [Gargoyle growth]
 18083 | Lair:6   | Reached XP level 14. HP: 88/88 MP: 18/18
 18389 | Lair:6   | Found a large runed door.
 18389 | Lair:6   | Found a large runed door.
 18811 | Lair:6   | Received a gift from Okawaru
 20488 | D:13     | Reached skill level 1 in Invocations
 20960 | D:14     | Found Rown's Book Boutique.
 20977 | D:14     | Found Soblivet's Magic Scroll Emporium.
 20997 | D:14     | Bought a scroll of recharging for 142 gold pieces
 20997 | D:14     | Bought a scroll of fear for 52 gold pieces
 20997 | D:14     | Bought a scroll of teleportation for 45 gold pieces
 20997 | D:14     | Bought a scroll of magic mapping for 52 gold pieces
 20997 | D:14     | Bought a scroll of fog for 30 gold pieces
 20997 | D:14     | Bought a scroll of identify for 30 gold pieces
 20997 | D:14     | Bought a scroll of fear for 52 gold pieces
 20997 | D:14     | Bought a scroll of identify for 30 gold pieces
 20997 | D:14     | Bought a scroll of recharging for 142 gold pieces
 21065 | D:14     | Found Jiecs's Jewellery Shoppe.
 21193 | D:14     | Found Soxtomem's Weapon Shop.
 21273 | D:14     | Received a gift from Okawaru
 21390 | D:14     | Found Quomeske's Armour Boutique.
 21401 | D:14     | Bought the +2 hat of Iffeal {Str+4 Slay+2} for 491 gold pieces
 21432 | D:14     | Found a gate to the Vaults.
 21434 | D:14     | Was placed under penance by Okawaru
 21457 | D:14     | Was forgiven by Okawaru
 21474 | D:14     | Reached skill level 5 in Invocations
 21474 | D:14     | Reached XP level 15. HP: 84/93 MP: 21/21
 21626 | D:14     | Noticed Erica
 21633 | D:14     | Killed Erica
 21964 | D:15     | Entered Level 15 of the Dungeon
 21964 | D:15     | Noticed Roxanne
 21999 | D:15     | Noticed Agnes
 22024 | D:15     | Killed Agnes
 22121 | D:15     | Killed Roxanne
 22122 | D:15     | Identified Roxanne's Tome of Transmigration (You took it off Roxanne on level 15 of the Dungeon)
 22283 | D:15     | Received a gift from Okawaru
 22284 | D:15     | Got a bloodstained large shield {god gift}
 22307 | D:15     | Identified the +5 large shield of the Morning {rElec Regen+ Stlth+} (Okawaru gifted it to you on level 15 of the Dungeon)
 22384 | D:15     | Reached skill level 15 in Long Blades
 22425 | D:15     | Found a staircase to the Depths.
 23115 | Orc:1    | Entered Level 1 of the Orcish Mines
 23128 | Orc:1    | Noticed an orc warlord
 23150 | Orc:1    | Killed an orc warlord
 23150 | Orc:1    | Reached skill level 15 in Shields
 23150 | Orc:1    | Reached XP level 16. HP: 99/99 MP: 22/22
 23287 | Orc:1    | Found a bloodstained altar of Trog.
 23413 | Orc:2    | Entered Level 2 of the Orcish Mines
 23595 | Orc:2    | Noticed Josephine
 23624 | Orc:2    | Killed Josephine
 23767 | Orc:2    | Found Tulem's General Store.
 23827 | Orc:2    | Found Waegoss's Antique Weapon Shop.
 23832 | Orc:2    | Found a staircase to the Elven Halls.
 23961 | Orc:2    | Found Zoutz's Jewellery Emporium.
 24079 | Orc:2    | Found Paaloukh's Antique Armour Boutique.
 24114 | Orc:2    | Bought a pair of glowing boots for 187 gold pieces
 24342 | Snake:1  | Entered Level 1 of the Snake Pit
 24355 | Snake:1  | Received a gift from Okawaru
 24376 | Snake:1  | Found a bloodstained altar of Trog.
 24408 | Snake:1  | Found Inoskin's Gadget Shoppe.
 24555 | Snake:1  | Noticed a nagaraja
 24579 | Snake:1  | Killed a nagaraja
 24579 | Snake:1  | Reached skill level 16 in Shields
 25233 | Snake:2  | Received a gift from Okawaru
 25326 | Snake:2  | Found a shimmering altar of Xom.
 26073 | Snake:3  | Reached XP level 17. HP: 109/109 MP: 23/23
 26098 | Snake:3  | Noticed Aizul
 26104 | Snake:3  | Received a gift from Okawaru
 26121 | Snake:3  | Killed Aizul
 26121 | Snake:3  | Reached skill level 17 in Shields
 26129 | Snake:3  | Got a pitted long sword {god gift}
 26130 | Snake:3  | Identified the +5 long sword of Noon {drain, rC+ Dex+4} (Okawaru gifted it to you on level 3 of the Snake Pit)
 26199 | Snake:3  | Noticed Vashnia
 26212 | Snake:3  | Killed Vashnia
 26830 | Snake:3  | Received a gift from Okawaru
 27207 | Snake:4  | Entered Level 4 of the Snake Pit
 27249 | Snake:4  | Identified the +1 chain mail of Xom's Favour {rElec Dex+2} (You found it on level 4 of the Snake Pit)
 27532 | Snake:4  | Reached skill level 18 in Shields
 27814 | Snake:4  | Reached skill level 15 in Fighting
 27906 | Snake:4  | Received a gift from Okawaru
 27909 | Snake:4  | Got a heavily runed scale mail {god gift}
 28256 | Snake:4  | Reached XP level 18. HP: 95/119 MP: 24/24
 28542 | Snake:4  | Got a serpentine rune of Zot
 28547 | Snake:4  | Reached skill level 19 in Shields
 28947 | Snake:4  | Identified the +5 scale mail of Fashionability {rF+} (Okawaru gifted it to you on level 4 of the Snake Pit)
 29067 | Shoals:1 | Entered Level 1 of the Shoals
 29223 | Shoals:1 | Received a gift from Okawaru
 29665 | Shoals:1 | Got a coiled steel amulet
 29695 | Shoals:1 | Identified the amulet of Xom's Recklessness {RegenMP rC+} (You found it on level 1 of the Shoals)
 29868 | Shoals:1 | Received a gift from Okawaru
 29871 | Shoals:1 | Reached skill level 20 in Shields
 30294 | Shoals:2 | Noticed Polyphemus
 30314 | Shoals:2 | Killed Polyphemus
 30325 | Shoals:2 | Received a gift from Okawaru
 30854 | Shoals:2 | Reached XP level 19. HP: 125/125 MP: 25/25
 30857 | Shoals:2 | Reached skill level 21 in Shields
 31408 | Shoals:3 | Noticed Ilsuiw
 31431 | Shoals:3 | Killed Ilsuiw
 31546 | Shoals:3 | Received a gift from Okawaru
 32017 | Shoals:4 | Entered Level 4 of the Shoals
 32059 | Shoals:4 | Got a shimmering diamond amulet
 32061 | Shoals:4 | Identified the amulet "Beonowne" {Reflect rF+ rC+ SH+2 SInv} (You found it on level 4 of the Shoals)
 32175 | Shoals:4 | Reached skill level 22 in Shields
 32238 | Shoals:4 | Got a barnacled rune of Zot
 32354 | Shoals:4 | Received a gift from Okawaru
 32398 | Shoals:4 | Got a twisted scimitar {god gift}
 32399 | Shoals:4 | Identified the +2 scimitar of Dim Light {slice, +Fly rC+ Dex+3} (Okawaru gifted it to you on level 4 of the Shoals)
 32462 | Shoals:4 | Noticed Kirke
 32563 | Shoals:4 | Killed Kirke
 32672 | Shoals:4 | Found a snail-covered altar of Cheibriados.
 33401 | Shoals:4 | Reached skill level 23 in Shields
 33843 | Vaults:1 | Entered Level 1 of the Vaults
 34035 | Vaults:1 | Received a gift from Okawaru
 34260 | Vaults:1 | Reached XP level 20. HP: 124/131 MP: 26/26
 34331 | Vaults:1 | Identified the +2 scale mail of the Ban {rPois} (You found it on level 1 of the Vaults)
 35058 | Vaults:1 | Reached skill level 24 in Shields
 35328 | Vaults:2 | Noticed Nikola
 35342 | Vaults:2 | Killed Nikola
 35461 | Vaults:2 | Received a gift from Okawaru
 36211 | Vaults:2 | Reached skill level 25 in Shields
 36738 | Vaults:3 | Reached XP level 21. HP: 134/136 MP: 27/27
 37090 | Vaults:3 | Found a staircase to the Crypt.
 37140 | Vaults:3 | Received a gift from Okawaru
 38065 | Vaults:4 | Noticed Frederick
 38078 | Vaults:4 | Killed Frederick
 38134 | Vaults:4 | Found Ifuega's Distillery.
 38139 | Vaults:4 | Bought a potion of ambrosia for 192 gold pieces
 38139 | Vaults:4 | Bought a potion of curing for 72 gold pieces
 38139 | Vaults:4 | Bought a potion of resistance for 240 gold pieces
 38139 | Vaults:4 | Bought a potion of berserk rage for 120 gold pieces
 38984 | Vaults:5 | Entered Level 5 of the Vaults
 39000 | Vaults:4 | Received a gift from Okawaru
 39019 | Vaults:4 | Identified the +1 quick blade "Kitetheff" {drain, rElec rF+ Str+3 Dex+3} (Okawaru gifted it to you on level 4 of the Vaults)
 39039 | Vaults:4 | Reached skill level 15 in Armour
 39221 | Vaults:4 | Reached XP level 22. HP: 141/142 MP: 28/28
 39243 | Vaults:5 | Noticed an ancient lich
 39356 | Vaults:4 | Received a gift from Okawaru
 39395 | Vaults:4 | Killed an ancient lich
 39400 | Vaults:4 | Received a gift from Okawaru
 39704 | Vaults:4 | Paralysed by a sphinx for 6 turns
 40101 | Vaults:5 | Received a gift from Okawaru
 40111 | Vaults:5 | Got a scintillating platinum ring
 40116 | Vaults:5 | Identified the ring of Bokeum {rPois EV+3 Str-4 Int-3 Slay+6} (You took it off an ironheart preserver on level 5 of the Vaults)
 40147 | Vaults:5 | Got a scintillating golden ring
 40150 | Vaults:5 | Identified the ring "Plog" {Str+3 Stlth+} (You took it off a vault warden on level 5 of the Vaults)
 40509 | Vaults:5 | Noticed a golden dragon
 40526 | Vaults:5 | Reached XP level 23. HP: 143/147 MP: 29/29
 40538 | Vaults:5 | Killed a golden dragon
 40606 | Vaults:5 | Got a silver rune of Zot
 41211 | Vaults:5 | Identified a scroll of acquirement
 41825 | Elf:1    | Entered Level 1 of the Elven Halls
 41966 | Elf:1    | Found Hajary's Weapon Shop.
 42509 | Elf:1    | Identified Fuommuat's Reference Book on Evil Secrets
 42781 | Elf:2    | Found a runed door.
 42811 | Elf:2    | Found a runed door.
 42932 | Elf:2    | Received a gift from Okawaru
 43201 | Elf:2    | Found Deusujek's Magic Scroll Boutique.
 43209 | Elf:2    | Bought a scroll of identify for 36 gold pieces
 43209 | Elf:2    | Bought 2 scrolls of identify for 72 gold pieces
 43209 | Elf:2    | Bought a scroll of teleportation for 54 gold pieces
 43628 | Elf:3    | Entered Level 3 of the Elven Halls
 43907 | Elf:3    | Reached XP level 24. HP: 152/152 MP: 29/29
 44351 | Elf:3    | Received a gift from Okawaru
 44460 | Elf:3    | Got a bound turquoise ring
 44462 | Elf:3    | Identified the ring "Notsaowe" {Ice +Blink rElec Int-5} (You took it off a deep elf sorcerer on level 3 of the Elven Halls)
 44476 | Elf:3    | Identified the +3 great mace of Vodka {flame, +Rage rElec} (You took it off a deep elf high priest on level 3 of the Elven Halls)
 44484 | Elf:3    | Identified the +10 glaive "Plog" {venom, MP+9} (You took it off a deep elf elementalist on level 3 of the Elven Halls)
 44492 | Elf:3    | Identified the +8 great sword of Fonnimyll {slice, Str+4} (You took it off a deep elf death mage on level 3 of the Elven Halls)
 44496 | Elf:3    | Identified the cursed +0 long sword of Wisdom {slice, rC+} (You took it off a deep elf annihilator on level 3 of the Elven Halls)
 44582 | Elf:3    | Identified the Handbook of Shifting Venom
 45171 | Depths:1 | Entered Level 1 of the Depths
 45397 | Depths:1 | Found a gateway to Hell.
 45407 | Depths:1 | Found a one-way gate to the infinite horrors of the Abyss.
 45555 | Depths:1 | Reached skill level 10 in Invocations
 45600 | Depths:1 | Got a pair of bloodstained boots
 45611 | Depths:1 | Identified the +0 pair of boots of Pumnu {Regen+ Str+3} (You found it on level 1 of the Depths)
 45927 | Depths:1 | Found a one-way gate leading to the halls of Pandemonium.
 46261 | Depths:2 | Noticed Saint Roka
 46675 | Depths:2 | Noticed Jorgrun
 46691 | Depths:2 | Killed Jorgrun
 46754 | Depths:2 | Killed Saint Roka
 46805 | Depths:2 | Found a transporter.
 46812 | Depths:2 | Received a gift from Okawaru
 46815 | Depths:2 | Identified the +3 ring mail of Inom Veu {rElec Str-4 Int+4} (Okawaru gifted it to you on level 2 of the Depths)
 46856 | Depths:2 | Noticed Louise
 46865 | Depths:2 | Killed Louise
 46992 | Depths:2 | Found a corrupted altar of Lugonu.
 47042 | Depths:2 | Paralysed by accursed screaming for 1 turns
 47114 | Depths:2 | Got a shimmering marble ring
 47117 | Depths:2 | Identified the ring "Fyanoel" {Fire *Drain rPois Str+3} (You found it on level 2 of the Depths)
 47142 | Depths:2 | Found a transporter.
 47286 | Depths:3 | Noticed a caustic shrike
 47289 | Depths:3 | Noticed Jory
 47296 | Depths:3 | Noticed a caustic shrike
 47298 | Depths:3 | Killed a caustic shrike
 47300 | Depths:3 | Noticed a caustic shrike
 47316 | Depths:3 | Killed a caustic shrike
 47316 | Depths:3 | Reached XP level 25. HP: 157/157 MP: 33/33
 47326 | Depths:3 | Killed Jory
 47364 | Depths:3 | Found a gateway to a ziggurat.
 47535 | Depths:3 | Found an ancient bone altar of Kikubaaqudgha.
 47764 | Depths:3 | Reached skill level 15 in Invocations
 47882 | Depths:3 | Received a gift from Okawaru
 48475 | Depths:4 | Received a gift from Okawaru
 48490 | Depths:4 | Found a corrupted altar of Lugonu.
 48540 | Depths:4 | Found a magical portal.
 48552 | WizLab   | Entered Iskenderun's Mystic Tower
 49107 | WizLab   | Identified Iskenderun's Catalogue of Conjuration
 49107 | WizLab   | Identified Iskenderun's Disquisition on Confrontation
 49125 | WizLab   | Got a translucent golden ring
 49127 | WizLab   | Identified the cursed ring of Joxutt {rC+ AC-2} (You took it off a purple draconian in a wizard's laboratory)
 49624 | Depths:4 | Found a runed door.
 49876 | Depths:4 | Found a runed door.
 49891 | Depths:4 | Received a gift from Okawaru
 49970 | Depths:4 | Reached XP level 26. HP: 107/163 MP: 36/36
 50968 | Depths:5 | Entered Level 5 of the Depths
 51051 | Depths:5 | Noticed a juggernaut
 51075 | Depths:5 | Killed a juggernaut
 51445 | Depths:5 | Identified the +3 trident of Defiance {venom, rElec MP-9 Int+7 Stlth+} (You took it off a necromancer on level 5 of the Depths)
 51677 | Depths:5 | Received a gift from Okawaru
 51789 | Depths:5 | Found a gate to the Realm of Zot.
 52326 | Zig:1    | Entered Level 1 of a ziggurat
 52355 | Zig:2    | Entered Level 2 of a ziggurat
 52402 | Zig:3    | Entered Level 3 of a ziggurat
 52471 | Zig:3    | Got a sparkling steel ring
 52482 | Zig:3    | Identified the ring of Noxitz {rC- MR+ Int+4} (You found it on level 3 of a ziggurat)
 52489 | Zig:4    | Entered Level 4 of a ziggurat
 52609 | Zig:4    | Got a steaming bone ring
 52612 | Zig:4    | Identified the ring of Cask {Ice Dex+2} (You found it on level 4 of a ziggurat)
 52635 | Zig:5    | Entered Level 5 of a ziggurat
 52736 | Zig:5    | Identified the Compendium of Noxious Unholy Rites
 52754 | Zig:6    | Entered Level 6 of a ziggurat
 52762 | Zig:6    | Noticed Diuwyed the pandemonium lord
 52806 | Zig:6    | Killed Diuwyed the pandemonium lord
 52853 | Zig:7    | Entered Level 7 of a ziggurat
 53045 | Zig:8    | Entered Level 8 of a ziggurat
 53068 | Zig:8    | Received a gift from Okawaru
 53068 | Zig:8    | Reached skill level 1 in Dodging
 53139 | Zig:8    | Identified the cursed +1 quarterstaff of Slime {speed, rPois Int+7} (You found it on level 8 of a ziggurat)
 53191 | Zig:9    | Entered Level 9 of a ziggurat
 53201 | Zig:9    | Gained mutation: You are frail. (-10% HP) [a shining eye]
 53219 | Zig:9    | Paralysed by a floating eye for 3 turns
 53248 | Zig:9    | Reached XP level 27. HP: 73/151 MP: 27/37
 53344 | Zig:10   | Entered Level 10 of a ziggurat
 53430 | Zig:10   | Reached skill level 5 in Dodging
 53638 | Zig:11   | Entered Level 11 of a ziggurat
 53736 | Zig:11   | Identified the Handbook of Creative Clay
 53743 | Zig:11   | Identified the Reference Book on the Traveller and Summoning
 53753 | Zig:11   | Got a vibrating granite ring
 53759 | Zig:11   | Identified the ring of Winter {MR+ Str+4 Int+2 Dex+4} (You found it on level 11 of a ziggurat)
 53792 | Zig:11   | Identified the +6 long sword "Huiwuq" {slice, rC+} (You found it on level 11 of a ziggurat)
 53807 | Zig:12   | Entered Level 12 of a ziggurat
 53833 | Zig:12   | Noticed a juggernaut
 53834 | Zig:12   | Noticed a juggernaut
 53851 | Zig:12   | Noticed a juggernaut
 53853 | Zig:12   | Noticed a juggernaut
 53854 | Zig:12   | Killed a juggernaut
 53881 | Zig:12   | Killed a juggernaut
 53886 | Zig:12   | Killed a juggernaut
 53905 | Zig:12   | Killed a juggernaut
 53969 | Zig:12   | Gained mutation: You are very frail. (-20% HP) [a neqoxec]
 54052 | Zig:12   | Identified the Compendium of Dislocated Creation
 54082 | Zig:13   | Entered Level 13 of a ziggurat
 54091 | Zig:13   | Noticed a greater mummy
 54103 | Zig:13   | Noticed a greater mummy
 54109 | Zig:13   | Noticed a greater mummy
 54112 | Zig:13   | Noticed a greater mummy
 54123 | Zig:13   | Noticed a greater mummy
 54123 | Zig:13   | Noticed a greater mummy
 54127 | Zig:14   | Entered Level 14 of a ziggurat
 54163 | Zig:14   | Lost mutation: You possess an exceptional clarity of mind. [mutagenic glow]
 54206 | Zig:14   | Gained mutation: You expend magic power (3 MP) to strengthen your wands. [mutagenic glow]
 54226 | Zig:14   | Received a gift from Okawaru
 54227 | Zig:14   | Got an encrusted scimitar {god gift}
 54235 | Zig:14   | Reached skill level 10 in Dodging
 54363 | Zig:14   | Identified the +5 scimitar of Cyri {speed, rF+ Int+2 Dex+4} (Okawaru gifted it to you on level 14 of a ziggurat)
 54378 | Zig:14   | Identified the cursed +1 falchion of War {slice, Dex+3} (You found it on level 14 of a ziggurat)
 54384 | Zig:14   | Got a vibrating glass ring
 54403 | Zig:14   | Identified the ring "Huehask" {rPois rC+ MR- Dex+7} (You found it on level 14 of a ziggurat)
 54415 | Zig:15   | Entered Level 15 of a ziggurat
 54476 | Zig:15   | Gained mutation: You are somewhat resistant to further mutation. [a shining eye]
 54595 | Zig:15   | Identified the cursed +3 falchion of Shrieking Terror {flame, *Drain rN+ Int+5 Stlth+} (You found it on level 15 of a ziggurat)
 54614 | Zig:16   | Entered Level 16 of a ziggurat
 54634 | Zig:16   | Noticed a juggernaut
 54634 | Zig:16   | Noticed a juggernaut
 54635 | Zig:16   | Noticed a juggernaut
 54635 | Zig:16   | Noticed a juggernaut
 54637 | Zig:16   | Noticed a juggernaut
 54642 | Zig:16   | Noticed a juggernaut
 54662 | Zig:16   | Got translucent storm dragon scales
 54676 | Depths:3 | Identified the +3 storm dragon scales of Zirilat {*Slow rElec rN++ MR+ Int+3} (You found it on level 16 of a ziggurat)
 54760 | Zot:1    | Entered Level 1 of the Realm of Zot
 55675 | Zot:2    | Received a gift from Okawaru
 56460 | Zot:3    | Reached skill level 15 in Dodging
 56634 | Zot:3    | Received a gift from Okawaru
 56643 | Zot:3    | Got a pair of pitted gloves {god gift}
 56654 | Zot:3    | Identified the +0 pair of gloves of the Special Spirits {rElec Stlth+} (Okawaru gifted it to you on level 3 of the Realm of Zot)
 58006 | Zot:5    | Entered Level 5 of the Realm of Zot
 58184 | Zot:5    | Received a gift from Okawaru
 58219 | Zot:5    | Cast into level 5 of the Abyss (a Zot trap)
 58219 | Abyss:5  | Entered Level 5 of the Abyss
 58219 | Abyss:5  | Found a corrupted altar of Lugonu.
 58245 | Abyss:5  | Paralysed by accursed screaming for 2 turns
 58259 | Abyss:5  | Paralysed by accursed screaming for 1 turns
 58262 | Abyss:5  | HP: 2/134 [starcursed mass/accursed screaming (8)]
 58367 | Abyss:5  | Got an abyssal rune of Zot
 58433 | Zot:5    | Escaped the Abyss
 58659 | Zot:5    | Noticed an orb of fire
 58659 | Zot:5    | Noticed an ancient lich
 58659 | Zot:5    | Noticed an ancient lich
 58660 | Zot:5    | Noticed an orb of fire
 58666 | Zot:5    | Noticed an ancient lich
 58849 | Zot:5    | Noticed an ancient lich
 59031 | Zot:5    | Noticed an orb of fire
 59043 | Zot:5    | Killed an ancient lich
 59057 | Zot:5    | Killed an ancient lich
 59087 | Zot:5    | Killed an orb of fire
 59119 | Zot:5    | Noticed an ancient lich
 59152 | Zot:5    | Killed an ancient lich
 59165 | Zot:5    | Received a gift from Okawaru
 59226 | Zot:5    | Killed an ancient lich
 59253 | Zot:5    | Killed an orb of fire
 59308 | Zot:5    | Noticed an ancient lich
 59321 | Zot:5    | Killed an ancient lich
 59395 | Zot:5    | Noticed an ancient lich
 59411 | Zot:5    | Killed an ancient lich
 59411 | Zot:5    | Received a gift from Okawaru
 59752 | Zot:5    | Killed an orb of fire
 59830 | Zot:5    | Noticed an ancient lich
 59845 | Zot:5    | Killed an ancient lich
 59853 | Zot:5    | Noticed an ancient lich
 59867 | Zot:5    | Killed an ancient lich
 59874 | Zot:5    | Killed an ancient lich
 60495 | Slime:1  | Entered Level 1 of the Pits of Slime
 60573 | Slime:1  | Received a gift from Okawaru
 60578 | Slime:1  | Identified the +1 falchion of Disarray {drain, rElec rF+} (Okawaru gifted it to you on level 1 of the Pits of Slime)
 60988 | Slime:2  | You are sucked into a shaft!
 61107 | Slime:4  | Gained mutation: You do not regenerate when monsters are visible. [a shining eye]
 61196 | Slime:4  | Gained mutation: Scrolls take you a little longer to read. [a shining eye]
 61590 | Slime:5  | Entered Level 5 of the Pits of Slime
 61742 | Slime:5  | Gained mutation: Your magical capacity is low. (-10% MP) [a shining eye]
 61748 | Slime:5  | Received a gift from Okawaru
 61786 | Slime:5  | Noticed the Royal Jelly
 62154 | Slime:4  | HP: 4/134 [acid[the Royal Jelly] (5)]
 62162 | Slime:4  | Splashed by an acid blob's acid

Skill      XL: |  1  2  3  4  5  6  7  8  9 10 11 12 13 14 15 16 17 18 19 20 21 22 23 24 25 26 27 |
---------------+----------------------------------------------------------------------------------+-----
Fighting       | 4 5 8 10 13 15 16 | 16.0
Armour         | 5 6 9 10 16 19 20 23 | 23.0
Shields        | 5 9 11 13 14 15 16 18 20 23 25 | 25.4
Long Blades    | 5 8 10 12 13 15 19 20 | 20.8
Evocations     | 6 8 |  8.7
Invocations    | 5 8 13 18 21 | 21.9
Dodging        | 4 20 | 20.6
Axes           | |  1.7

Action                   |  1- 3 |  4- 6 |  7- 9 | 10-12 | 13-15 | 16-18 | 19-21 | 22-24 | 25-27 || total
-------------------------+-------+-------+-------+-------+-------+-------+-------+-------+-------++-------
Melee: War axe           |   137 |   154 |   135 |       |       |       |       |       |       ||   426
       Broad axe         |       |       |   116 |    45 |       |       |       |       |       ||   161
       Demon blade       |       |       |       |   647 |  1113 |  1565 |  1958 |  1740 |  3826 || 10849
Throw: Tomahawk          |       |       |     3 |       |       |       |       |       |       ||     3
       Throwing net      |       |       |       |     2 |       |       |       |       |       ||     2
Invok: Heroism           |       |       |       |       |     1 |       |     1 |     6 |    20 ||    28
       Finesse           |       |       |       |       |     1 |       |       |     1 |    13 ||    15
 Abil: Fly               |       |       |       |       |     1 |       |       |       |       ||     1
       Evoke Invisibilit |       |       |       |       |       |       |       |     1 |     7 ||     8
Evoke: Wand              |       |       |    40 |     5 |    17 |       |       |     2 |    23 ||    87
       Lightning rod     |       |       |       |     4 |     4 |     2 |     1 |     5 |     3 ||    19
       Phial of floods   |       |       |       |     2 |     2 |     2 |       |     1 |     7 ||    14
       Lamp of fire      |       |       |       |       |     1 |     3 |     1 |     1 |     5 ||    11
       Sack of spiders   |       |       |       |       |       |       |       |     1 |       ||     1
  Use: Potion            |     1 |       |     8 |     6 |     7 |       |       |     3 |    44 ||    69
       Scroll            |       |    13 |     1 |    12 |    14 |    13 |     8 |    14 |    34 ||   109
 Stab: Invisible         |       |       |       |     1 |       |       |       |       |     8 ||     9
       Paralysed         |       |       |       |       |    25 |    20 |    32 |    30 |    54 ||   161
       Petrifying        |       |       |       |       |     6 |     4 |    10 |    13 |    26 ||    59
       Confused          |       |       |       |       |     4 |     1 |     8 |     3 |    19 ||    35
       Petrified         |       |       |       |       |     2 |    17 |     1 |     3 |    10 ||    33
       Sleeping          |       |       |       |       |       |     2 |     1 |     3 |     3 ||     9
       Distracted        |       |       |       |       |       |       |     2 |     1 |     1 ||     4
  Eat: Chunk             |     3 |     2 |    10 |    35 |    20 |    13 |    29 |    22 |    35 ||   169
       Bread ration      |       |     1 |       |       |     1 |     3 |       |     1 |     4 ||    10
       Fruit             |       |       |     1 |       |       |       |       |       |     2 ||     3
       Royal jelly       |       |       |       |       |       |       |       |     1 |       ||     1
Armor: Scale mail        |     1 |       |       |       |       |       |       |       |       ||     1
       Chain mail        |    88 |   121 |   127 |       |       |       |       |       |       ||   336
       Plate armour      |       |       |    84 |   195 |       |       |       |       |       ||   279
       Pearl dragon scal |       |       |       |   122 |   329 |   391 |   393 |   401 |  1195 ||  2831
       Skin              |       |       |       |     7 |       |       |       |       |       ||     7
Dodge: Dodged            |    42 |    38 |    68 |   104 |   130 |   245 |   326 |   278 |  1529 ||  2760
Block: Shield            |    85 |    83 |   144 |       |       |       |       |       |       ||   312
       Large shield      |       |       |   105 |   788 |  1071 |  2121 |  2345 |  1787 |  4915 || 13132
       Reflection        |       |       |     5 |    35 |    50 |   305 |   197 |   126 |    97 ||   815
       Rpst.: Demon blade |       |       |       |    27 |    28 |    34 |    49 |    45 |   222 ||   405
